Map: At Eternity's Edge LE

Players

RipNHammer - Winner!

  • Race: Terran Terran
  • League: Master
  • Spawn Location: 5:00

SoccerMom

  • Race: Zerg Zerg
  • League: Master
  • Spawn Location: 11:00

VOD

Have the link to the VOD?

Description

Time

  • Played on: Sept. 7, 2026, 9:41 a.m.
  • Length: 25:23
Show
View Real Time Build Order
Export as new Build Order

RipNHammer Terran - Winner!

Build Orders: Reaper Expand, Hellion Banshee 

Get SALT Encoding   

  8  0:00  SCV  
  9  0:12  SCV  
  10  0:24  SCV  
  11  0:36  SCV  
  11  0:39  Supply Depot  
  12  0:48  SCV  
  13  0:54  Refinery  
  13  1:01  SCV  
  14  1:06  Barracks  
  14  1:13  SCV  
  15  1:25  SCV  
  16  1:37  SCV  
  17  1:52  Orbital Command  
  17  1:53  Reaper  
  18  2:11  Command Center  
  18  2:19  SCV  
  19  2:26  Factory  
  19  2:31  SCV  
  19  2:32  Barracks Reactor  
  20  2:39  Refinery  
  20  2:44  SCV  
  20  2:46  Supply Depot  
  21  3:08  SCV  
  22  3:19  Starport  
  22  3:20  SCV  
  22  3:25  Hellion x2  
  22  3:26  Orbital Command  
  27  3:32  SCV  
  28  3:47  Hellion  
  28  3:48  Hellion, Barracks Tech Lab  
  32  3:49  SCV  
  32  3:53  SCV  
  34  3:57  Viking  
  34  4:01  SCV  
  37  4:05  SCV  
  37  4:09  Hellion  
  42  4:10  Hellion  
  42  4:20  Supply Depot  
  42  4:23  Supply Depot  
  42  4:28  SCV x2  
  44  4:39  Banshee  
  44  4:40  Widow Mine, Marine  
  44  4:42  Widow Mine  
  52  4:54  SCV  
  53  5:01  Widow Mine  
  53  5:04  Widow Mine  
  53  5:05  Supply Depot x2  
  57  5:14  Supply Depot  
  57  5:21  Banshee  
  57  5:23  Widow Mine  
  57  5:28  Supply Depot  
  61  5:45  SCV x2  
  61  5:48  Supply Depot  
  63  5:57  Hellion x2  
  63  5:58  Refinery  
  63  5:59  Refinery  
  67  6:10  SCV  
  71  6:19  Supply Depot  
  71  6:20  Command Center  
  71  6:23  Supply Depot  
  71  6:26  SCV  
  71  6:30  SCV  
  70  6:38  SCV  
  71  6:42  SCV  
  72  6:47  Factory x2  
  72  6:50  SCV  
  73  6:55  SCV  
  74  7:03  Hellion x2  
  78  7:14  Engineering Bay  
  78  7:28  Hellion x2, SCV  
  71  7:37  Cyclone, Factory Tech Lab, Mag-Field Accelerator  
  74  7:38  SCV  
  74  7:39  Orbital Command  
  74  7:40  SCV  
  76  7:50  SCV  
  77  7:52  Factory, SCV  
  77  7:58  Infernal Pre-Igniter  
  78  8:02  SCV  
  78  8:04  SCV  
  80  8:06  Factory  
  80  8:07  SCV  
  80  8:08  Siege Tank  
  80  8:09  Hellion x2  
  88  8:14  SCV  
  88  8:16  SCV  
  88  8:17  Missile Turret  
  88  8:19  SCV  
  91  8:21  Siege Tank  
  91  8:23  Missile Turret  
  94  8:30  Orbital Command  
  94  8:33  Supply Depot  
  94  8:39  Armory, Hellion  
  94  8:40  Supply Depot, Siege Tank, Factory Tech Lab  
  99  8:51  Hellion  
  99  8:52  Factory Tech Lab  
  99  8:53  Cyclone, SCV x2  
  94  8:56  SCV  
  95  9:05  SCV  
  95  9:06  SCV  
  95  9:08  SCV  
  98  9:12  Armory, Cyclone  
  98  9:16  Supply Depot x2  
  101  9:18  SCV x2, Missile Turret  
  101  9:19  Refinery  
  101  9:20  Refinery, SCV  
  101  9:21  Hellion x2, Cyclone  
  101  9:22  Hellion  
  113  9:25  Siege Tank  
  113  9:30  SCV, Terran Vehicle Weapons Level 1  
  113  9:31  Missile Turret, SCV  
  117  9:32  SCV  
  117  9:34  Drilling Claws  
  119  9:42  SCV  
  119  9:43  Cyclone, SCV  
  119  9:44  Siege Tank, Supply Depot  
  119  9:45  Hellion  
  129  9:46  Widow Mine  
  131  9:53  Cyclone  
  131  9:58  Command Center  
  134  10:01  SCV  
  134  10:03  Cyclone  
  134  10:06  Hellion  
  140  10:10  SCV x2  
  140  10:12  Terran Vehicle And Ship Armor Level 1  
  142  10:15  Siege Tank  
  142  10:16  Cyclone  
  148  10:25  Siege Tank  
  149  10:31  Hellion  
  149  10:34  Widow Mine  
  149  10:35  SCV, Cyclone  
  142  10:36  SCV  
  142  10:40  Factory  
  146  10:47  Siege Tank  
  146  10:48  SCV x3  
  146  10:49  Missile Turret, Hellion  
  154  10:51  Supply Depot  
  154  10:52  Widow Mine  
  154  10:55  Sensor Tower, Hellion  
  158  10:57  Cyclone  
  158  11:00  SCV x2  
  158  11:01  SCV  
  164  11:08  Siege Tank  
  164  11:10  Cyclone  
  170  11:14  Hellion  
  172  11:19  Cyclone  
  172  11:24  Hellion  
  177  11:25  Factory Tech Lab  
  177  11:30  Siege Tank  
  180  11:33  SCV x2  
  180  11:35  SCV  
  180  11:37  Starport Reactor  
  180  11:39  Refinery  
  183  11:40  Cyclone  
  183  11:42  Missile Turret, Factory  
  183  11:44  Refinery  
  183  11:45  SCV  
  187  11:48  Supply Depot  
  187  11:49  Siege Tank  
  190  12:00  Cyclone, Siege Tank  
  196  12:07  Terran Vehicle Weapons Level 2, Terran Vehicle And Ship Armor Level 2  
  196  12:10  Cyclone, Hellion  
  200  12:18  Planetary Fortress  
  200  12:26  Hellion  
  188  12:45  Cyclone, Siege Tank  
  188  12:49  Cyclone x2, Siege Tank, Hellion  
  188  12:50  Hellion, Liberator  
  188  12:51  Liberator  
  170  12:57  SCV  
  165  13:05  Supply Depot, Command Center, Missile Turret  
  165  13:11  Hellbat  
  167  13:14  Hellion  
  167  13:18  Cyclone  
  175  13:21  Hellion  
  175  13:23  SCV  
  181  13:29  Supply Depot  
  181  13:33  Liberator x2  
  187  13:36  Command Center  
  187  13:37  Cyclone, Hellion x2  
  187  13:40  Thor  
  197  13:47  Thor  
  200  14:14  Command Center  
  150  14:26  Cyclone, Siege Tank  
  150  14:27  Hellion x3  
  150  14:30  Cyclone, Siege Tank  
  150  14:31  Planetary Fortress  
  150  14:36  Liberator x2, Terran Vehicle Weapons Level 3  
  156  14:47  Terran Vehicle And Ship Armor Level 3  
  156  14:48  Hellion x2  
  156  14:49  Hellion, Factory Tech Lab  
  162  14:58  Cyclone  
  162  14:59  Siege Tank  
  168  15:02  Missile Turret, Hellion  
  168  15:03  Refinery  
  168  15:05  Missile Turret  
  170  15:07  Refinery  
  170  15:09  Cyclone, Siege Tank  
  170  15:10  Hellion  
  178  15:22  Command Center  
  178  15:24  Fusion Core  
  178  15:30  Cyclone, Siege Tank  
  178  15:31  Hellion x2  
  178  15:34  Cyclone  
  178  15:35  Hellion  
  189  15:40  Liberator  
  179  15:57  Cyclone, Siege Tank  
  179  15:58  Hellion  
  179  16:04  Cyclone, Hellion  
  152  16:10  Orbital Command, Cyclone  
  152  16:11  Hellion  
  147  16:15  SCV  
  147  16:16  SCV  
  147  16:17  SCV  
  150  16:27  Refinery  
  150  16:28  SCV, Advanced Ballistics  
  150  16:31  Cyclone, Siege Tank, Hellion x2  
  150  16:32  Hellion x2  
  149  16:47  Planetary Fortress  
  149  16:53  SCV  
  150  17:04  Cyclone  
  150  17:05  Siege Tank, Hellion x3  
  162  17:11  Missile Turret  
  162  17:13  Missile Turret, SCV x3  
  162  17:14  Terran Ship Weapons Level 1  
  165  17:17  Orbital Command  
  137  17:49  Cyclone, Siege Tank  
  137  17:50  Cyclone, Hellion  
  148  17:54  Liberator  
  148  17:56  Refinery  
  138  18:13  Cyclone, Siege Tank  
  138  18:14  Hellion  
  139  18:23  SCV  
  139  18:25  SCV  
  141  18:32  SCV  
  142  18:35  SCV  
  143  18:47  Supply Depot  
  143  18:49  Supply Depot, SCV  
  143  18:54  Missile Turret  
  143  18:55  Supply Depot  
  144  18:56  Missile Turret  
  144  19:01  Cyclone, Siege Tank, Hellion  
  152  19:10  Cyclone, Siege Tank  
  154  19:17  Cyclone, Siege Tank  
  154  19:18  Hellion  
  154  19:19  SCV x2  
  158  19:27  SCV  
  158  19:29  Liberator  
  162  19:32  SCV  
  163  19:46  Command Center  
  163  19:51  Terran Ship Weapons Level 2  
  163  19:52  SCV  
  164  19:55  Liberator  
  164  19:56  Hellion  
  164  19:57  Hellion  
  170  20:18  Cyclone x2, Siege Tank x2, Hellion  
  170  20:19  Hellion  
  161  20:30  Orbital Command  
  161  20:45  Cyclone  
  164  20:50  Cyclone  
  164  20:51  Hellion  
  164  20:53  Hellion  
  147  21:23  Cyclone, Siege Tank, Hellion  
  113  21:29  Cyclone  
  113  21:30  Hellion x2  
  95  21:47  Hellion x3  
  84  22:10  Cyclone x2  
  84  22:11  Hellion x2  
  84  22:13  Hellion  
  84  22:32  Cyclone  
  84  22:33  Hellion x2  
  84  22:35  Orbital Command  
  91  23:00  SCV  
  91  23:02  SCV  
  91  23:04  Command Center  
  93  23:14  Cyclone  
  93  23:15  Siege Tank, Hellion  
  101  23:25  Cyclone x2, Siege Tank x2  
  101  23:26  Hellion  
  115  23:38  Hellion  
  117  23:47  Siege Tank, Cyclone  
  123  23:52  Command Center  
  123  23:58  Cyclone, Hellion  
  107  24:32  Cyclone, Siege Tank, Hellion  
  107  24:33  Hellion  
  117  24:42  Cyclone  
  117  24:43  Hellion  
  122  24:49  Cyclone  
  125  25:02  Hellion  
Show
View Real Time Build Order
Export as new Build Order

SoccerMom Zerg 

Build Orders: Hatch First 

Get SALT Encoding   

  8  0:01  Drone  
  9  0:11  Drone  
  10  0:16  Drone  
  11  0:28  Drone  
  12  0:35  Overlord  
  12  0:42  Extractor  
  11  0:43  Drone  
  13  0:54  Drone x2  
  15  1:01  Drone  
  16  1:11  Drone  
  17  1:20  Hatchery  
  17  1:23  Drone  
  17  1:36  Spawning Pool  
  16  1:41  Drone  
  16  1:46  Overlord  
  17  1:54  Drone  
  18  1:59  Extractor  
  17  2:02  Drone  
  18  2:10  Drone  
  19  2:21  Drone  
  19  2:22  Queen  
  22  2:31  Zergling x2  
  22  2:33  Zergling x2, Queen  
  26  2:43  Drone x2  
  28  2:58  Drone x2  
  29  3:04  Spore Crawler  
  28  3:11  Drone x3  
  31  3:18  Roach Warren  
  31  3:20  Overlord  
  31  3:23  Drone  
  32  3:33  Overlord  
  31  3:48  Drone  
  31  3:49  Drone x2  
  31  3:50  Overlord x2  
  31  3:54  Hatchery  
  33  3:59  Roach x3  
  39  4:05  Roach  
  39  4:06  Roach  
  43  4:11  Drone  
  43  4:12  Metabolic Boost  
  44  4:18  Drone  
  44  4:21  Drone x4  
  49  4:26  Drone x3, Extractor  
  49  4:31  Drone x2  
  52  4:39  Evolution Chamber  
  52  4:40  Drone  
  52  4:43  Drone  
  53  4:50  Drone  
  54  4:54  Drone x2  
  54  4:57  Overlord, Evolution Chamber  
  54  4:59  Zergling x2  
  56  5:01  Overlord  
  56  5:06  Zerg Melee Weapons Level 1  
  56  5:07  Drone x4  
  60  5:16  Zergling x6  
  60  5:19  Overlord x2  
  63  5:23  Queen  
  63  5:26  Zerg Ground Armor Level 1  
  60  5:40  Drone x3  
  60  5:41  Drone x4  
  61  5:48  Lair  
  59  5:50  Queen  
  59  5:55  Drone  
  59  5:56  Drone x4  
  66  6:04  Baneling Nest  
  66  6:09  Hatchery  
  64  6:19  Spore Crawler  
  64  6:25  Zergling x14  
  66  6:30  Hatchery  
  69  6:35  Zergling x8  
  73  6:47  Drone x3  
  73  6:48  Drone  
  73  6:50  Extractor, Drone x3  
  79  7:01  Spore Crawler  
  72  7:02  Overseer x2  
  72  7:03  Spore Crawler  
  72  7:04  Zerg Melee Weapons Level 2  
  70  7:14  Drone x2, Spore Crawler  
  70  7:15  Drone x10  
  80  7:26  Drone x7  
  78  7:34  Drone x3  
  79  7:38  Spore Crawler  
  79  7:42  Pneumatized Carapace  
  79  7:44  Drone x4, Spore Crawler  
  79  7:52  Drone x5  
  79  7:53  Drone  
  79  7:56  Zerg Ground Armor Level 2  
  84  8:07  Infestation Pit  
  83  8:14  Drone x3  
  83  8:15  Zergling x10  
  83  8:18  Centrifugal Hooks  
  91  8:23  Overlord x5  
  91  8:29  Overlord x3  
  91  8:36  Overlord x3  
  95  8:41  Zergling x14  
  93  8:50  Drone  
  93  8:51  Drone x7  
  97  9:01  Baneling x3  
  97  9:02  Baneling x5  
  97  9:06  Hatchery, Extractor  
  97  9:09  Drone x3, Extractor  
  97  9:11  Drone x2  
  97  9:12  Drone  
  97  9:16  Hive  
  100  9:20  Baneling x8  
  100  9:27  Drone  
  100  9:28  Drone, Extractor  
  100  9:29  Drone  
  102  9:40  Zergling x26  
  102  9:41  Zergling x2  
  116  9:46  Queen  
  117  10:05  Drone x3  
  120  10:07  Extractor, Spore Crawler  
  120  10:09  Extractor  
  120  10:10  Drone x3  
  120  10:15  Drone x10  
  120  10:16  Drone  
  125  10:32  Drone x2  
  125  10:33  Drone  
  125  10:34  Drone x2  
  123  10:37  Roach x7  
  123  10:38  Roach  
  123  10:40  Zerg Ground Armor Level 3, Zerg Melee Weapons Level 3  
  123  10:42  Adrenal Glands, Glial Reconstitution  
  139  10:48  Spine Crawler  
  138  10:50  Drone x3  
  138  10:51  Drone  
  138  10:52  Drone x4, Spore Crawler  
  138  10:54  Overlord  
  138  10:55  Overlord x2  
  145  11:05  Zergling x12  
  145  11:06  Zergling x6  
  154  11:26  Zergling x2  
  154  11:27  Zergling x22  
  166  11:40  Zergling x2  
  166  11:41  Zergling x12  
  166  11:42  Zergling x6  
  166  11:44  Ultralisk Cavern  
  175  11:47  Baneling x9  
  175  11:48  Baneling x3  
  175  11:49  Zergling x6  
  178  12:01  Zergling x2  
  178  12:02  Overlord x5  
  178  12:03  Hatchery  
  178  12:06  Zergling x2, Overlord x2  
  162  12:32  Zergling x20  
  162  12:33  Zergling x10  
  162  12:34  Ultralisk x3  
  194  12:43  Zergling x2  
  170  12:44  Zergling x16  
  161  12:54  Chitinous Plating  
  159  12:59  Extractor, Drone x3  
  159  13:00  Extractor, Drone  
  159  13:01  Drone x2  
  159  13:02  Drone x3  
  159  13:04  Drone  
  159  13:05  Drone x6  
  173  13:11  Ultralisk  
  179  13:13  Drone x5  
  184  13:20  Zerg Missile Weapons Level 1  
  184  13:22  Ultralisk x2  
  184  13:24  Unknown  
  193  13:40  Zergling x4  
  193  13:41  Zergling x10  
  197  14:04  Spore Crawler, Zergling x2, Spine Crawler  
  197  14:05  Zergling x8  
  200  14:13  Anabolic Synthesis  
  182  14:20  Viper, Ultralisk  
  182  14:21  Ultralisk x3  
  182  14:22  Viper, Ultralisk  
  197  14:27  Ultralisk  
  197  14:28  Ultralisk x2  
  191  14:34  Zergling x2  
  191  14:35  Zergling x24  
  185  14:49  Zergling x20  
  185  14:50  Zergling x10  
  199  14:59  Baneling x11  
  196  15:00  Baneling x11  
  196  15:03  Hatchery, Zergling x10  
  200  15:27  Extractor  
  198  15:28  Extractor  
  198  15:32  Zergling x2  
  198  15:33  Zergling x16  
  196  15:48  Zergling x2  
  196  15:49  Zergling x6  
  174  16:00  Zergling x24  
  174  16:01  Zergling x24  
  176  16:06  Zergling x4  
  159  16:13  Spire, Baneling x2  
  159  16:14  Baneling x18  
  159  16:18  Ultralisk x8  
  179  16:24  Ultralisk  
  181  16:42  Ultralisk x3  
  198  16:48  Baneling x4  
  198  16:49  Baneling x16  
  198  16:51  Zergling x2  
  198  16:52  Zergling x2  
  182  17:28  Ultralisk x3  
  198  17:33  Zergling x2  
  198  17:34  Zergling x30  
  198  17:35  Zergling x8  
  190  17:44  Mutalisk, Corruptor x4, Spire  
  199  17:58  Zergling x2  
  162  18:14  Hatchery  
  162  18:15  Ultralisk x6  
  162  18:16  Ultralisk x2  
  179  18:21  Zergling x2  
  179  18:22  Zergling x24  
  179  18:24  Baneling x2  
  179  18:26  Zergling x4  
  179  18:27  Zergling x6  
  197  18:29  Overseer x3  
  197  18:32  Drone  
  198  18:34  Drone  
  198  18:38  Drone  
  200  18:55  Zerg Flyer Weapons Level 1  
  200  18:56  Zerg Flyer Armor Level 1  
  191  19:14  Zergling x2  
  191  19:15  Zergling x32  
  200  19:29  Extractor  
  200  19:30  Drone  
  200  19:46  Baneling x13  
  200  19:47  Baneling x23  
  200  19:53  Zergling x4  
  200  19:57  Spore Crawler x2  
  200  19:59  Spore Crawler  
  197  20:03  Corruptor  
  197  20:04  Hatchery  
  146  20:15  Ultralisk x2, Corruptor  
  146  20:16  Corruptor, Ultralisk x5  
  146  20:17  Ultralisk x4, Corruptor  
  146  20:20  Zergling x6  
  146  20:21  Zergling x2  
  178  20:25  Baneling x2  
  177  20:37  Corruptor x2  
  177  20:38  Corruptor x4  
  177  20:42  Baneling  
  186  20:43  Baneling x7  
  178  20:50  Drone x2  
  178  20:54  Zergling x2  
  178  20:55  Zergling x16  
  155  21:19  Corruptor x4  
  155  21:20  Corruptor x3  
  155  21:23  Zergling x2  
  155  21:24  Zergling x4  
  155  21:25  Zergling x2  
  120  21:36  Drone x3  
  122  21:44  Zergling x2  
  122  21:45  Zergling x26  
  121  22:04  Drone x6  
  117  22:09  Zergling x2  
  117  22:13  Ultralisk x3  
  128  22:21  Zergling x2  
  128  22:22  Drone x4  
  127  22:23  Drone x4  
  121  22:30  Zergling x12  
  127  22:39  Zergling x6  
  127  22:40  Zergling x6  
  128  22:52  Ultralisk x2  
  140  23:04  Zergling x2  
  140  23:05  Zergling x14  
  146  23:16  Zergling x8  
  146  23:17  Zergling x2  
  149  23:22  Infestor x7  
  149  23:25  Zergling x12  
  135  23:46  Drone x5  
  135  23:47  Drone x4  
  139  23:50  Infestor x3  
  139  23:52  Baneling  
  139  23:53  Baneling x22  
  145  23:58  Extractor x2  
  145  24:01  Spine Crawler  
  115  24:37  Zergling x2  
  115  24:38  Zergling x46  
  110  25:02  Zergling x28  
Tags
 
Add a new tag
Caveats
  • Supply blocks, unpowered buildings, or Contaminate may cause inaccurate times.
  • Supply counts are checked every 10 seconds.